 Dungeon Crawl Stone Soup version 0.28-a0-851-g8b9cc49659 (webtiles) character file.

Game seed: 770968422620611278

1240 bande the Chopper (level 8, -5/48 HPs)
             Began as a Gargoyle Fighter on Nov 15, 2021.
             Was a Follower of Okawaru.
             Slain by a steam dragon (7 damage)
             ... on level 6 of the Dungeon.
             The game lasted 00:11:14 (5218 turns).

bande the Chopper (Gargoyle Fighter)                Turns: 5218, Time: 00:11:15

Health: -5/48      AC:  5    Str: 22    XL:     8   Next: 49%
Magic:  10/10      EV:  9    Int:  8    God:    Okawaru [*.....]
Gold:   185        SH:  5    Dex: 10    Spells: 7/7 levels left

rFire   . . .      SeeInvis .   i - +0 hand axe (vamp)
rCold   . . .      Faith    .   c - +1 buckler
rNeg    + . .      Spirit   .   b - +0 scale mail
rPois   ∞          Reflect  .   (no helmet)
rElec   +          Harm     .   (no cloak)
rCorr   .          Rampage  .   (no gloves)
Will    .....                   (no boots)
Stlth   ..........              h - amulet of regeneration
HPRegen 1.16/turn               (no ring)
MPRegen 0.12/turn               (no ring)

@: corroded
A: sickness immunity, AC +5, negative energy resistance 1, electricity
resistance, torment resistance 1, petrification resistance
a: Renounce Religion, Heroism


You were on level 6 of the Dungeon.
You worshipped Okawaru.
Okawaru was aware of your devotion.
You visited 1 branch of the dungeon, and saw 6 of its levels.

You collected 185 gold pieces.

Inventory:

Hand Weapons
 a - a +1 war axe
 i - a +0 vampiric hand axe (weapon)
 t - a +0 flail of protection
Missiles
 s - a throwing net (quivered)
Armour
 b - a +0 scale mail (worn)
 c - a +1 buckler (worn)
 n - a +0 kite shield
Jewellery
 h - an amulet of regeneration (around neck)
 r - a ring of flight
Wands
 o - a wand of digging (7)
Scrolls
 g - 2 scrolls of enchant weapon
 k - 2 scrolls of teleportation
 p - a scroll of amnesia
 q - a scroll of summoning {unknown}
Potions
 d - 3 potions of might
 e - 3 potions of curing
 f - 2 potions of flight
 j - 2 potions of heal wounds
 l - a potion of haste {unknown}
 m - 2 potions of brilliance


   Skills:
 + Level 4.8 Fighting
 + Level 6.2 Axes
 + Level 5.8 Armour
 + Level 4.3 Shields
 * Level 3.1 Invocations
 * Level 2.5 Evocations


You had 7 spell levels left.
You didn't know any spells.
Your spell library contained the following spells:

 Spells                   Type           Power      Damage    Failure   Level
 Slow                     Hex            0%         N/A       71%         1
 Confusing Touch          Hex            0%         N/A       97%         3
 Conjure Flame            Conj/Fire      0%         6-21      97%         3
 Dazzling Flash           Conj/Hex       0%         N/A       97%         3
 Ignite Poison            Fire/Tmut/Pois 0%         N/A       97%         3
 Vampiric Draining        Necr           0%         2d6       97%         3
 Iskenderun's Mystic Bla  Conj/Tloc      0%         2d3       100%        4
 Sticky Flame             Conj/Fire      0%         2d3       100%        4
 Agony                    Necr           0%         N/A       100%        5
 Silence                  Hex/Air        0%         N/A       100%        5
 Starburst                Conj/Fire      0%         6d3       100%        6


Dungeon Overview and Level Annotations

Branches:
Dungeon (6/15)             Temple (0/1) D:6

Altars:
Ashenzari
Cheibriados
Kikubaaqudgha
Okawaru
Vehumet
Yredelemnul
Zin

Shops:
D:3 *


Innate Abilities, Weirdness & Mutations

You are immune to sickness and miasma.
Your stone body is resilient. (AC +5)
You are immune to poison.
You resist negative energy. (rN+)
You are resistant to electric shocks. (rElec)
You are resistant to unholy torment.
You are immune to petrification.


Message History

You hit the hound but do no damage. The hound bites you.
The hound barely misses you. The jelly closely misses you.
The iguana hisses menacingly.
The steam dragon bites you but does no damage.
The steam dragon barely misses you. You block the hound's attack.
The steam dragon breathes steam at you. The ball of steam hits you!
There is a large open door here.
The hound bites you.
The jelly is engulfed in a cloud of scalding steam.
You barely miss the jelly.
The jelly is moderately wounded.
You hit the hound. The hound bites you but does no damage.
You hit the jelly but do no damage.
Your hands burn!
The jelly is moderately wounded.
You hit the hound.
You hit the steam dragon but do no damage.
The jelly barely misses you. The hound barely misses you.
The steam dragon bites you but does no damage.
You block the steam dragon's attack.
You hit the jelly.
You feel better.
Your hands burn!
The jelly is severely wounded.
You hit the hound.
You hit the steam dragon but do no damage.
The hound bites you but does no damage. The jelly barely misses you.
The hound bites you. The steam dragon breathes steam at you.
The ball of steam hits you!
* * * LOW HITPOINT WARNING * * *
You barely miss the hound.
The hound is severely wounded.
You closely miss the steam dragon. You hit the jelly but do no damage.
Your hands burn!
* * * LOW HITPOINT WARNING * * *
You are engulfed in a cloud of scalding steam.
* * * LOW HITPOINT WARNING * * *
The jelly barely misses you. The hound barely misses you.
The steam dragon bites you!
You die...

####...# ...
#......# ....
#......#### .≈≈
+...#'#...# ≈≈≈
###.#'#...# ≈≈≈
#.......# ≈≈≈
#.....### ≈≈
#.......### ≈
#.....#.h@#
########DJ#######
≈≈≈≈≈≈hl≈≈≈≈≈≈≈
.......§§§....≈
.####....####.≈
.####....####.≈
.####....####.≈
.####....####.≈
..............≈


You could see a steam dragon, an iguana, 2 hounds and a jelly.

Vanquished Creatures
  Eustachio (D:5)
  An orc warrior (D:6)
  A necrophage (D:5)
  A phantom (D:6)
  Blork the orc (D:5)
  3 scorpions
  A centaur zombie (D:4)
  A hound (D:5)
  3 jellies
  3 orc priests
  4 iguanas
  2 orc wizards
  4 gnolls (D:5)
  5 adders
  A white imp (D:6)
  An ufetubus (D:6)
  An adder skeleton (D:5)
  2 worms
  2 dart slugs
  10 orcs
  3 bats
  8 endoplasms
  5 giant cockroaches
  6 goblins
  8 hobgoblins
  8 kobolds
  5 quokkas
  10 ball pythons
  6 frilled lizards
  9 rats
116 creatures vanquished.

Vanquished Creatures (others)
  A plant (D:1)
1 creature vanquished.

Grand Total: 117 creatures vanquished

Notes
Turn   | Place    | Note
-------+----------+-------------------------------------------
     0 | D:1      | bande the Gargoyle Fighter began the quest for the Orb.
     0 | D:1      | Reached XP level 1. HP: 14/14 MP: 1/1
   281 | D:1      | Reached XP level 2. HP: 19/19 MP: 2/2
   357 | D:1      | Reached skill level 2 in Axes
   974 | D:1      | Reached XP level 3. HP: 23/23 MP: 3/3
  1331 | D:2      | Found a faded altar of an unknown god.
  1559 | D:2      | Reached XP level 4. HP: 18/28 MP: 4/4
  1878 | D:3      | Found Fyjim's General Store.
  1899 | D:3      | Found a broken altar of Ashenzari.
  1979 | D:3      | Reached skill level 3 in Axes
  2114 | D:3      | Found a radiant altar of Vehumet.
  2950 | D:4      | Noticed a scorpion
  2962 | D:4      | Killed a scorpion
  2963 | D:4      | Reached XP level 5. HP: 33/33 MP: 5/5
  3011 | D:4      | Reached skill level 4 in Axes
  3041 | D:4      | Reached XP level 6. HP: 35/38 MP: 6/6
  3245 | D:4      | Found an iron altar of Okawaru.
  3245 | D:4      | Found an ancient bone altar of Kikubaaqudgha.
  3248 | D:4      | Found a basalt altar of Yredelemnul.
  3248 | D:4      | Found a glowing silver altar of Zin.
  3248 | D:4      | Found a snail-covered altar of Cheibriados.
  3250 | D:4      | Became a worshipper of Warmaster Okawaru
  3830 | D:5      | Entered Level 5 of the Dungeon
  3836 | D:5      | Noticed a necrophage
  3849 | D:5      | Killed a necrophage
  3850 | D:5      | Reached skill level 1 in Invocations
  3850 | D:5      | Reached XP level 7. HP: 36/43 MP: 7/7
  3973 | D:5      | Reached skill level 5 in Armour
  4061 | D:5      | Noticed Blork the orc
  4067 | D:5      | Reached skill level 1 in Evocations
  4078 | D:5      | Killed Blork the orc
  4079 | D:5      | Reached skill level 5 in Axes
  4343 | D:5      | Noticed Eustachio
  4380 | D:5      | Killed Eustachio
  4380 | D:5      | Reached * piety under Okawaru
  4425 | D:5      | Reached XP level 8. HP: 41/48 MP: 9/9
  5011 | D:6      | Found a staircase to the Ecumenical Temple.
  5078 | D:6      | Reached skill level 6 in Axes
  5218 | D:6      | HP: 1/48 [steam dragon] (7)]
  5218 | D:6      | Slain by a steam dragon

Illustrated notes

Levels and vault maps discovered:
D:1:      eino_arrival_water_cross, layout_loops_corners, minmay_fountain_box,
          minmay_misc_feat_four_crosses
D:2:      layout_rooms, shapermc_ecumenical_altar_mp_highgroup
D:3:      layout_basic, nicolae_vehumet_altar_sigil,
          nicolae_overflow_crystal_walls, serial_shops,
          nicolae_shop_temple_entry_statues_fountains, kennysheep_generic_room_8
D:4:      layout_basic, grunt_temple_overflow_open
D:5:      layout_gridville, roderic_roman_lattice, minmay_misc_feat_enclosed,
          uniq_blork_the_orc, uniq_eustachio
D:6:      layout_basic, temple_pool_b, kennysheep_dice

Skill      XL: |  1  2  3  4  5  6  7  8 |
---------------+-------------------------+-----
Axes           | 2 3 4 5 6 |  6.2
Armour         | 4 5 |  5.8
Fighting       | 4 |  4.8
Shields        | 4 |  4.3
Invocations    | 1 2 3 |  3.1
Evocations     | 1 2 |  2.5

Action                   |  1- 3 |  4- 6 |  7- 9 || total
-------------------------+-------+-------+-------++-------
Melee: War axe           |   120 |   156 |   158 ||   434
       Hand axe          |       |       |    10 ||    10
  Use: Scroll            |     7 |     4 |     2 ||    13
Armor: Scale mail        |    53 |    90 |    82 ||   225
Dodge: Dodged            |    62 |    61 |    63 ||   186
Block: Buckler           |    24 |    42 |    41 ||   107

Table legend: (Time is in decaauts)
 A = Elapsed time spent in this place.
 B = Non-inter-level travel time spent in this place.
 C = Inter-level travel time spent in this place.
 D = Time resting spent in this place.
 E = Time spent auto-exploring this place.
 F = Levels seen in this place.
 G = Mean time per level.
                   A        B        C        D        E       F      G
               +--------+--------+--------+--------+--------+-----+--------+
         Total |   5352 |   5292 |     60 |    213 |   3937 |   6 |  892.0 |
       Dungeon |   5352 |   5292 |     60 |    213 |   3937 |   6 |  892.0 |
               +--------+--------+--------+--------+--------+-----+--------+

Top non-repeatable levels by time:
     D:5: 1187 daAuts
     D:1: 1137 daAuts
     D:3: 1080 daAuts
     D:4: 915 daAuts
     D:2: 793 daAuts
     D:6: 237 daAuts
